 Dungeon Crawl Stone Soup version 0.17.0-28-g6e173f8 (webtiles) character file.

171 dorian the Conjurer (level 5, -1/31 HPs)
             Began as an Octopode Conjurer on Dec 1, 2015.
             Killed from afar by dorian's ghost (8 damage)
             ... with a sting
             ... on level 3 of the Dungeon.
             The game lasted 00:06:02 (3335 turns).

dorian the Conjurer (Octopode Conjurer)             Turns: 3335, Time: 00:06:02

Health: -1/31      AC:  1    Str:  8    XL:     5   Next: 51%
Magic:  5/10       EV: 18    Int: 18    God:
Gold:   175        SH:  0    Dex: 17    Spells: 2 memorised, 7 levels left

rFire  . . .     SeeInvis .     t - +0 dagger (venom)
rCold  . . .     Clarity  .     (no shield)
rNeg   . . .     SustAt   +     (helmet restricted)
rPois  .         Gourm    .     (no amulet)
rElec  .         Spirit   .     o - ring of sustain attributes
rCorr  .         Warding  .     (no ring)
rMut   .         Stasis   .     (no ring)
MR     .....                    (no ring)
Stlth  +++.......               (no ring)
                                (no ring)
                                (no ring)
                                (no ring)

@: confused, agile, lethally poisoned (-1 -> -7), not resistant to hostile
enchantments, fairly stealthy
A: almost no armour, amphibious, 8 rings, constrict 8, camouflage 1, gelatinous
body 1
a: no special abilities


You were on level 3 of the Dungeon.
You were not hungry.

You visited 1 branch of the dungeon, and saw 3 of its levels.

You collected 175 gold pieces.

Inventory:

Hand Weapons
 t - a +0 dagger of venom (weapon)
 x - a cursed -1 blowgun
Missiles
 w - 16 poisoned needles
Jewellery
 o - a ring of sustain attributes (left tentacle)
Wands
 q - a wand of polymorph (5)
Scrolls
 e - 7 scrolls of identify {unknown}
 f - a scroll of fog {unknown}
 g - 3 scrolls of remove curse {unknown}
 j - a scroll of random uselessness {unknown}
 k - a scroll of fear {unknown}
 n - a scroll of amnesia {unknown}
 r - a scroll of magic mapping {unknown}
 s - a scroll of noise {unknown}
Potions
 d - a potion of lignification {unknown}
 h - a potion of mutation {unknown}
 i - a potion of curing {unknown}
 l - a potion of cure mutation {unknown}
 p - a potion of degeneration {unknown}
 u - a potion of heal wounds {unknown}
Books
 a - a book of Conjurations

   Spells                             Type                      Level
   a - Magic Dart                     Conjuration                  1
   b - Searing Ray                    Conjuration                  2
   c - Dazzling Spray                 Conjuration/Hexes            3
   d - Fulminant Prism                Conjuration/Hexes            4
   e - Iskenderun's Mystic Blast      Conjuration                  4
   f - Iskenderun's Battlesphere      Conjuration/Charms           5
Comestibles
 b - 2 bread rations
 m - 3 meat rations
 v - 3 chunks of flesh


   Skills:
 - Level 2.0 Dodging
 - Level 2.6 Stealth
 + Level 3.3 Spellcasting
 * Level 5.8 Conjurations


You had 7 spell levels left.
You knew the following spells:

 Your Spells              Type           Power        Failure   Level  Hunger
a - Magic Dart            Conj           ###.         1%          1    None
b - Searing Ray           Conj           ###...       1%          2    ##.....


Dungeon Overview and Level Annotations

Branches:
Dungeon (3/15)

Altars:
Gozag
Kikubaaqudgha

Annotations:
D:3 dorian's ghost, amateur OpVM


Innate Abilities, Weirdness & Mutations

You cannot wear most types of armour.
You are amphibious.
You can wear up to eight rings at the same time.
You can use your tentacles to constrict eight enemies at once.
Your skin changes colour to match your surroundings (Stealth).
Your rubbery body absorbs attacks (AC +1).


Message History

You choke on the stench!
You are more confused.
Dorian's ghost hits you.
* * * LOW HITPOINT WARNING * * *
You bump into the rock wall.
Dorian's ghost misses you.
You hit dorian's ghost.
Dorian's ghost is severely damaged.
Dorian's ghost closely misses you.
You're too confused to move!
Dorian's ghost barely misses you.
You completely miss dorian's ghost.
Dorian's ghost is severely damaged.
Dorian's ghost hits you.
* * * LOW HITPOINT WARNING * * *
Drink which item? (? for menu, Esc to quit)
It was a potion of agility.
You feel agile all of a sudden.
Dorian's ghost stares at you and mumbles some strange words.
The sting hits you!
You are poisoned.
You die...

#.##...# ##.## #.# #.##.###
######.(.####.# #W##.#
#..........##.# #.##.#
#........#.#...
#.##.############...........###
#.##.##.................###....
#.##....######.#............###
#.####### #.#.........#.....
#.############@#.........#..##.
#............W.#.........#.....
####################.#####.###.
#.# #.# #. #.#####.# ##
#.......# # ######### #


You could see dorian's ghost.

Vanquished Creatures
  An orc priest (D:3)
  Terence (D:3)
  4 adders
  A worm (D:3)
  6 giant geckos
  4 orcs (D:3)
  7 bats
  5 giant cockroaches
  9 hobgoblins
  3 quokkas (D:3)
  8 goblins
  8 kobolds
  4 rats
61 creatures vanquished.

Notes
Turn   | Place    | Note
--------------------------------------------------------------
     0 | D:1      | dorian the Octopode Conjurer began the quest for the Orb.
     0 | D:1      | Reached XP level 1. HP: 11/11 MP: 3/3
   174 | D:1      | Reached XP level 2. HP: 7/17 MP: 5/5
  1202 | D:2      | Reached XP level 3. HP: 21/21 MP: 3/6
  1328 | D:2      | Learned a level 2 spell: Searing Ray
  1487 | D:2      | Reached skill level 5 in Conjurations
  1518 | D:2      | Found an opulent altar of Gozag.
  1606 | D:2      | Found an ancient bone altar of Kikubaaqudgha.
  1703 | D:2      | Reached XP level 4. HP: 27/27 MP: 5/7
  2140 | D:3      | Noticed Terence
  2721 | D:3      | Reached XP level 5. HP: 10/31 MP: 0/9
  3023 | D:3      | Killed Terence
  3197 | D:3      | Noticed dorian's ghost (amateur OpVM)
  3335 | D:3      | Killed from afar by dorian's ghost

Action                   |  1- 3 |  4- 6 || total
-------------------------+-------+-------++-------
Melee: Unarmed           |    14 |    10 ||    24
       Dagger            |       |    11 ||    11
 Cast: Magic Dart        |    66 |    53 ||   119
       Searing Ray       |       |     5 ||     5
  Use: Potion            |       |     1 ||     1
 Stab: Sleeping          |       |     3 ||     3
  Eat: Chunk             |     3 |     5 ||     8
